 Dungeon Crawl Stone Soup version 0.21-a0-286-g6fcecc0 (webtiles) character file.

345 Ijustatesigmund the Cudgeler (level 6, -2/43 HPs)
             Began as an Octopode Fighter on Sept 26, 2017.
             Slain by Grinder (3 damage)
             ... on level 2 of the Dungeon.
             The game lasted 00:04:45 (2156 turns).

Ijustatesigmund the Cudgeler (Octopode Fighter)     Turns: 2156, Time: 00:04:46

Health: -2/43      AC:  1    Str: 20    XL:     6   Next: 58%
Magic:  6/6        EV: 12    Int: 10    God:
Gold:   102        SH:  0    Dex: 14    Spells: 5/5 levels left

rFire    + . .     SeeInvis +   a - +0 flail
rCold    + . .     Gourm    .   b - +0 shield
rNeg     . . .     Faith    .   (helmet restricted)
rPois    +         Spirit   .   (no amulet)
rElec    +         Reflect  .   f - +5 ring of strength
rCorr    +         Harm     .   k - ring of see invisible
MR       .....                  (no ring)
Stlth    ++........             (no ring)
HPRegen  0.14/turn              (no ring)
MPRegen  0.10/turn              (no ring)
                                (no ring)
                                (no ring)

@: confused, resistant
A: almost no armour, stealthy swim, amphibious, 8 rings, constrict 8, camouflage
1, gelatinous body 1
a: no special abilities


You were on level 2 of the Dungeon.
You were not hungry.

You visited 1 branch of the dungeon, and saw 3 of its levels.

You collected 102 gold pieces.

Inventory:

Hand Weapons
 a - a +0 flail (weapon)
Armour
 b - a +0 shield (worn)
Jewellery
 f - a +5 ring of strength (left tentacle)
 k - a ring of see invisible (right tentacle)
Scrolls
 e - 2 scrolls of identify
Potions
 h - a potion of ambrosia
 i - a potion of flight
Comestibles
 c - a chunk of flesh
 d - 2 bread rations
 g - a meat ration


   Skills:
 + Level 4.2 Fighting
 * Level 5.2 Maces & Flails
 - Level 3.0 Dodging
 + Level 4.2 Shields


You had 5 spell levels left.
You didn't know any spells.

Dungeon Overview and Level Annotations

Branches:
Dungeon (3/15)

Altars:

Annotations:
D:2 Grinder


Innate Abilities, Weirdness & Mutations

You cannot wear most types of armour.
You are very stealthy in the water. (Stealth+)
You are amphibious.
You can wear up to eight rings at the same time.
You can use your tentacles to constrict eight enemies at once.
Your skin changes colour to match your surroundings (Stealth+).
Your rubbery body absorbs attacks. (AC +1, EV +1)


Message History

You have reached level 6!
Your experience leads to an increase in your attributes!
Your base attributes are Str 15, Int 10, Dex 13.
Increase (S)trength, (I)ntelligence, or (D)exterity?
You feel agile. Grinder gestures at you. Pain shoots through your body!
You miss Grinder. Your squeeze misses Grinder. Grinder barely misses you.
You hit Grinder.
Grinder is lightly wounded.
Grinder hits you.
You writhe in agony.
You bump into the rock wall.
Grinder hits you.
* * * LOW HITPOINT WARNING * * *
You miss Grinder. You squeeze Grinder!
Grinder is heavily wounded.
Grinder says, "Don't move a muscle."
Grinder barely misses you. Grinder hits you!
* * * LOW HITPOINT WARNING * * *
You writhe in agony.
You die...

#..............#.#
#.##...........#.#
#.##...........#.#
#.##...........#.#
#..'...........#..
#.##...........###
#.##..............
#5##..............
#@)...............
####.>............
#..............
####.............(
#................)
###.......(........[
#........#.####.....
#............##.....
#...................


You could see Grinder.

Vanquished Creatures
  Sigmund (D:2)
  Robin (D:2)
  A gnoll (D:1)
  7 adders
  3 oozes
  3 worms
  2 dart slugs (D:1)
  2 leopard geckos
  An orc (D:3)
  3 bats
  2 giant cockroaches (D:1)
  14 goblins
  9 hobgoblins
  4 jackals (D:3)
  5 kobolds
  2 ball pythons (D:1)
  2 frilled lizards
  4 rats
66 creatures vanquished.

Notes
Turn   | Place    | Note
-------+----------+-------------------------------------------
     0 | D:1      | Ijustatesigmund the Octopode Fighter began the quest for the Orb.
     0 | D:1      | Reached XP level 1. HP: 16/16 MP: 1/1
    45 | D:1      | Reached XP level 2. HP: 20/21 MP: 2/2
   388 | D:1      | Reached XP level 3. HP: 21/26 MP: 3/3
   413 | D:1      | Reached skill level 3 in Maces & Flails
  1071 | D:2      | Noticed Robin
  1077 | D:2      | Reached XP level 4. HP: 19/31 MP: 4/4
  1083 | D:2      | Killed Robin
  1848 | D:3      | Reached XP level 5. HP: 33/36 MP: 5/5
  1859 | D:3      | Reached skill level 4 in Maces & Flails
  2100 | D:3      | Noticed Sigmund
  2103 | D:3      | Noticed Grinder
  2152 | D:2      | Killed Sigmund
  2152 | D:2      | Reached skill level 5 in Maces & Flails
  2152 | D:2      | Reached XP level 6. HP: 32/43 MP: 6/6
  2156 | D:2      | HP: 1/43 [Grinder (9)]
  2156 | D:2      | Slain by Grinder

Vault maps used:
D:1:      co_arrival_square_in_a_square_in_a_square
D:2:      first_bread, minmay_misc_feat_plants, uniq_robin
D:3:      makhleb_altar_promises_db, uniq_sigmund, uniq_crazy_yiuf_cottage,
          uniq_grinder, uniq_ijyb

Skill      XL: |  1  2  3  4  5 |
---------------+----------------+-----
Maces & Flails | 3 5 |  5.2
Fighting       | 4 |  4.2
Shields        | 4 |  4.2
Dodging        | |  3.0

Action                   |  1- 3 |  4- 6 || total
-------------------------+-------+-------++-------
Melee: Flail             |    46 |    68 ||   114
       Constrict         |    13 |    20 ||    33
       Tentacles         |     7 |    20 ||    27
  Use: Scroll            |     5 |     1 ||     6
       Potion            |       |     4 ||     4
 Stab: Sleeping          |     6 |     2 ||     8
  Eat: Chunk             |       |     4 ||     4
Armor: Skin              |     2 |     3 ||     5
Dodge: Dodged            |    22 |    59 ||    81
Block: Shield            |    21 |    58 ||    79

Table legend:
 A = Spawn XP
 B = Non-spawn XP
 C = Spawn XP percentage of total XP
 D = Spawn monster count
 E = Non-spawn monster count
 F = Spawn count percentage of total count
 G = Total turns spent on level
                    A         B        C        D         E        F      G
               +---------+---------+-------+---------+---------+-------+---------
         Total |       0 |     494 |   0.0 |       0 |      66 |   0.0 |  2156
               +---------+---------+-------+---------+---------+-------+---------
           D:1 |       0 |      68 |   0.0 |       0 |      22 |   0.0 |  1204
           D:2 |       0 |     349 |   0.0 |       0 |      26 |   0.0 |   806
           D:3 |       0 |      77 |   0.0 |       0 |      18 |   0.0 |   146
               +---------+---------+-------+---------+---------+-------+---------
